 Dungeon Crawl Stone Soup version 0.27-a0-1384-g1422d76b99 (webtiles) character file.

Game seed: 3525438449481547920

7 sagitran the Skirmisher (level 1, -2/18 HPs)
             Began as a Demonspawn Chaos Knight on June 30, 2021.
             Was a Plaything of Xom.
             Slain by a jumping spider (shapeshifter) (9 damage)
             ... on level 1 of the Dungeon.
             The game lasted 00:00:36 (88 turns).

sagitran the Skirmisher (Demonspawn Chaos Knight)     Turns: 88, Time: 00:00:37

Health: -2/18      AC:  5    Str: 12    XL:     1   Next: 83%
Magic:  1/1        EV: 11    Int: 13    God:    Xom [..*...]
Gold:   6          SH:  0    Dex: 12    Spells: 0/0 levels left

rFire    . . .     SeeInvis .   a - +0 spear (chaos)
rCold    . . .     Faith    .   (no shield)
rNeg     . . .     Spirit   .   b - +2 leather armour
rPois    .         Reflect  .   (no helmet)
rElec    .         Harm     .   (no cloak)
rCorr    .         Rampage  .   (no gloves)
Will     .....                  (no boots)
Stlth    +.........             (no amulet)
HPRegen  0.06/turn              (no ring)
MPRegen  0.07/turn              (no ring)

@: no status effects
A: no striking features
a: Renounce Religion


You were on level 1 of the Dungeon.
You worshipped Xom.
You were a toy of Xom.
You visited 1 branch of the dungeon, and saw 1 of its levels.

You collected 6 gold pieces.

Inventory:

Hand Weapons
 a - a +0 spear of chaos (weapon)
Armour
 b - a +2 leather armour (worn)
Scrolls
 c - a scroll of identify {unknown}


   Skills:
 + Level 3.1 Fighting
 + Level 3.0 Polearms
 + Level 1.8 Armour
 + Level 0.8 Dodging


You couldn't memorise any spells.
You didn't know any spells.
Your spell library was empty.

Dungeon Overview and Level Annotations

Branches:
Dungeon (1/15)

Altars:


Message History

The giant cockroach is poisoned.
The bat hits you but does no damage. The giant cockroach barely misses you.
The bat hits you but does no damage.
You closely miss the giant cockroach.
The giant cockroach is severely wounded.
You kill the giant cockroach!
The bat hits you but does no damage. The bat barely misses you.
The bat hits you but does no damage. x2
You see here a giant cockroach corpse.
You hit the bat.
The bat is severely wounded.
The bat misses you. The bat barely misses you.
The bat hits you but does no damage. The bat hits you.
Reach: a) +0 spear (chaos)
Press: ? - help, Dir - move target, f - bat
Aim: a bat (moderately wounded, about 52% to evade your +0 spear of chaos)
You reach to attack!
You barely miss the bat.
The bat is moderately wounded.
The bat hits you but does no damage. x2
Reach: a) +0 spear (chaos)
Press: ? - help, Dir - move target, f/p - bat
Aim: a bat (moderately wounded, about 52% to evade your +0 spear of chaos)
You hit the bat but do no damage.
The bat changes into a shapeshifter!
Xom is highly amused!
The shapeshifter changes into a jumping spider!
You hit the jumping spider.
Lightning courses through the jumping spider!
The jumping spider is heavily wounded.
The jumping spider pounces on you but does no damage.
The jumping spider closely misses you.
You hit the jumping spider. You burn the jumping spider.
The jumping spider is severely wounded.
The jumping spider pounces on you. The jumping spider bites you.
You hit the jumping spider but do no damage.
The jumping spider seems to grow stronger.
The jumping spider is severely wounded.
The jumping spider pounces on you!
Ouch! That really hurt!
You die...
Xom titters!

#....##.###### ..
#....##......##.
#...†#######.#..
#........# #[#.###
##.......# #.#...
####.......###.#.####.##
...........#....†......#
...........#.#.#.####..#
.......#####.#.#@#
.......# # #..s#
.......# #.... .......#
#.#### .......# ...
###'####### ##.
..........#. #
...........#
..#.#.......


You could see a jumping spider shaped shifter (strong).

Vanquished Creatures
  2 giant cockroaches (D:1)
  A ball python (D:1)
  A bat (D:1)
  3 frilled lizards (D:1)
  A rat (D:1)
8 creatures vanquished.

Notes
Turn   | Place    | Note
-------+----------+-------------------------------------------
     0 | D:1      | sagitran the Demonspawn Chaos Knight began the quest for
                  | the Orb.
     0 | D:1      | Reached XP level 1. HP: 18/18 MP: 1/1
    85 | D:1      | Noticed a shapeshifter
    85 | D:1      | a bat changed into a shapeshifter
    85 | D:1      | Noticed a jumping spider
    85 | D:1      | a shapeshifter changed into a jumping spider
    88 | D:1      | Slain by a jumping spider (shapeshifter)

Illustrated notes

Levels and vault maps discovered:
D:1:      matt_arrival_grand_opening, layout_basic

Skill      XL: |  1 |
---------------+----+-----
Polearms       | 3 |  3.0
Fighting       | |  3.1
Armour         | |  1.8
Dodging        | |  0.8

Action                   || total
-------------------------++-------
Melee: Spear             ||    25
Armor: Leather armour    ||    20
Dodge: Dodged            ||    34

Table legend: (Time is in decaauts)
 A = Elapsed time spent in this place.
 B = Non-inter-level travel time spent in this place.
 C = Inter-level travel time spent in this place.
 D = Time resting spent in this place.
 E = Time spent auto-exploring this place.
 F = Levels seen in this place.
 G = Mean time per level.
                   A        B        C        D        E       F      G
               +--------+--------+--------+--------+--------+-----+--------+
         Total |     87 |     87 |      0 |      0 |     16 |   1 |   87.0 |
       Dungeon |     87 |     87 |      0 |      0 |     16 |   1 |   87.0 |
               +--------+--------+--------+--------+--------+-----+--------+

Top non-repeatable levels by time:
     D:1: 87 daAuts
